 Dungeon Crawl Stone Soup version 0.24.0-13-gcf9b3192b9 (webtiles) character file.

Game seed: 7985434023126996783, levelgen mode: deterministic

140 Acheron the Charmwright (level 5, -2/30 HPs)
             Began as a Deep Elf Skald on Nov 10, 2019.
             Slain by a worker ant (5 damage)
             ... on level 3 of the Dungeon.
             The game lasted 00:17:50 (3581 turns).

Acheron the Charmwright (Deep Elf Skald)            Turns: 3581, Time: 00:17:51

Health: -2/30      AC:  3    Str:  8    XL:     5   Next: 2%
Magic:  9/12       EV: 13    Int: 18    God:
Gold:   89         SH:  0    Dex: 15    Spells: 2/10 levels left

rFire    . . .     SeeInvis .   a - +0 falchion
rCold    . . .     Gourm    .   (no shield)
rNeg     . . .     Faith    .   b - +0 leather armour
rPois    .         Spirit   .   (no helmet)
rElec    .         Reflect  .   (no cloak)
rCorr    .         Harm     .   (no gloves)
MR       .....                  (no boots)
Stlth    ++........             (no amulet)
HPRegen  0.10/turn              (no ring)
MPRegen  0.13/turn              (no ring)

@: lethally poisoned (-2 -> -5), infused
A: no striking features
a: no special abilities


You were on level 3 of the Dungeon.
You were hungry.

You visited 1 branch of the dungeon, and saw 5 of its levels.

You collected 89 gold pieces.

Inventory:

Hand Weapons
 a - a +0 falchion (weapon)
 e - a +0 hunting sling
 f - a +0 whip
 h - a +0 short sword
Missiles
 j - 26 sling bullets
 m - 4 stones (quivered)
Armour
 b - a +0 leather armour (worn)
Scrolls
 d - a scroll of identify
 g - a scroll of fog
 i - 2 scrolls of teleportation
Potions
 c - a potion of flight
 l - a potion of curing {unknown}
 o - a potion of cancellation {unknown}
 p - a potion of berserk rage {unknown}
 s - a potion of mutation {unknown}
 t - a potion of brilliance {unknown}
Comestibles
 q - 4 rations


   Skills:
 * Level 2.0 Fighting
 + Level 2.4 Long Blades
 * Level 0.6 Throwing
 + Level 1.3 Armour
 * Level 3.1 Dodging
 * Level 1.6 Stealth
 * Level 3.4 Spellcasting
 * Level 0.4 Hexes
 * Level 5.4 Charms
 * Level 1.2 Translocations


You had 2 spell levels left.
You knew the following spells:

 Your Spells              Type           Power        Failure   Level  Hunger
a - Infusion              Chrm           ###.         2%          1    None
b - Shroud of Golubria    Chrm/Tloc      ###...       9%          2    ##.....
c - Song of Slaying       Chrm           ###.....     3%          2    ##.....
d - Spectral Weapon       Hex/Chrm       ##......     21%         3    ###....

Your spell library contained the following spells:

 Spells                   Type           Power        Failure   Level  Hunger
 Regeneration             Chrm/Necr      ##........   22%         3    ###....


Dungeon Overview and Level Annotations

Branches:
Dungeon (5/15)
 Temple: D:4-7

Altars:
Cheibriados
Gozag
Qazlal
Uskayaw

Annotations:
D:3 exclusions: downstairs and upstairs
D:4 Eustachio


Message History

The worker ant bites you.
* * * LOW HITPOINT WARNING * * *
You hit the worker ant.
The worker ant is moderately wounded.
* * * LOW HITPOINT WARNING * * *
You feel sick. The worker ant misses you.
You hit the worker ant!
The worker ant is severely wounded.
The worker ant closely misses you.
You riposte.
You hit the worker ant.
The worker ant is severely wounded.
The worker ant bites you but does no damage.
You barely miss the worker ant.
The worker ant is severely wounded.
* * * LOW HITPOINT WARNING * * *
You feel sick.
The worker ant bites you but does no damage.
You barely miss the worker ant.
The worker ant is severely wounded.
The worker ant bites you.
You die...

######
.....#############
..............oa@#
.....#.###########
.....#.......#
.....#..####.#
######..#
#.######## # #..#
#........# # #..#
########.#
######... #####.#
....###.. #.....#


You could see a worker ant and an orc.

Vanquished Creatures
  A hound skeleton (D:4)
  4 adders
  4 worms (D:2)
  3 dart slugs
  2 leopard geckos (D:2)
  An orc (D:5)
  4 giant cockroaches
  8 goblins
  6 hobgoblins (D:1)
  6 jackals
  3 ball pythons
  7 bats
  7 frilled lizards
  5 kobolds
  10 rats
71 creatures vanquished.

Notes
Turn   | Place    | Note
-------+----------+-------------------------------------------
     0 | D:1      | Acheron the Deep Elf Skald began the quest for the Orb.
     0 | D:1      | Reached XP level 1. HP: 12/12 MP: 6/6
   271 | D:1      | Reached skill level 1 in Armour
   420 | D:1      | Reached XP level 2. HP: 12/16 MP: 4/8
   424 | D:1      | Learned a level 2 spell: Shroud of Golubria
   427 | D:1      | Learned a level 2 spell: Song of Slaying
   657 | D:1      | Reached skill level 5 in Charms
   961 | D:1      | Reached XP level 3. HP: 21/21 MP: 6/9
  1699 | D:2      | Noticed an orc warrior
  1746 | D:2      | Reached skill level 1 in Stealth
  1766 | D:2      | Found a stormy altar of Qazlal.
  2326 | D:2      | Reached skill level 1 in Translocations
  2329 | D:2      | Reached XP level 4. HP: 16/26 MP: 4/10
  2632 | D:2      | Found a hide-covered altar of Uskayaw.
  2735 | D:4      | Noticed Eustachio
  2759 | D:3      | Learned a level 3 spell: Spectral Weapon
  2793 | D:3      | Found a snail-covered altar of Cheibriados.
  2867 | D:4      | Found an opulent altar of Gozag.
  3415 | D:5      | Entered Level 5 of the Dungeon
  3429 | D:5      | Reached XP level 5. HP: 30/30 MP: 6/12
  3581 | D:3      | Slain by a worker ant

Levels and vault maps discovered:
D:1:      lightli_molten_gateway, layout_rooms, st_stairs_14, patterned_corridor
D:2:      layout_rooms, nicolae_qazlal_general_emergency,
          eat_drink_and_be_merry_uskayaw
D:3:      layout_basic, nicolae_ru_great_annihilating_truth, first_ration,
          kennysheep_slug_shrine
D:4:      layout_gridville, grunt_gozag_breadcrumbs,
          minmay_temple_entry_purple_smoke, serial_shops, shop,
          hangedman_feature_mirror, minivault_19, uniq_eustachio
D:5:      minmay_goblin_kobold_castle, layout_loops_cross,
          kennysheep_little_box, lemuel_coloured_pillars_altar

Skill      XL: |  1  2  3  4 |
---------------+-------------+-----
Armour         | 1 |  1.3
Long Blades    | 2 |  2.4
Charms         | 5 |  5.4
Stealth        | 1 |  1.6
Dodging        | 3 |  3.1
Translocations | 1 |  1.2
Fighting       | 2 |  2.0
Throwing       | |  0.6
Spellcasting   | |  3.4
Hexes          | |  0.4

Action                   |  1- 3 |  4- 6 || total
-------------------------+-------+-------++-------
Melee: Falchion          |   119 |    54 ||   173
 Cast: Infusion          |    22 |    14 ||    36
       Shroud of Golubri |     4 |     6 ||    10
  Use: Scroll            |     1 |     5 ||     6
 Stab: Sleeping          |       |     5 ||     5
  Eat: Chunk             |     1 |     4 ||     5
       Ration            |     1 |       ||     1
Armor: Leather armour    |    31 |     9 ||    40
Dodge: Dodged            |    81 |    44 ||   125
       Rpst.: Falchion   |    31 |    16 ||    47
